 Dungeon Crawl Stone Soup version 0.29.1-2-gbd0b4ee654 (webtiles) character file.

Game seed: 12128904003444952160

23 zeram the Conjurer (level 2, -6/15 HPs)
             Began as a Deep Elf Conjurer on Nov 18, 2022.
             Mangled by an ogre
             ... wielding a +0 giant club
              (21 damage)
             ... on level 4 of the Dungeon.
             The game lasted 00:01:59 (1061 turns).

zeram the Conjurer (Deep Elf Conjurer)              Turns: 1061, Time: 00:02:01

Health: -6/15      AC:  2    Str:  4    XL:     2   Next: 75%
Magic:  6/8        EV: 12    Int: 22    God:
Gold:   25         SH:  0    Dex: 13    Spells: 6/7 levels left

rFire   . . .      SeeInvis .   h - +0 spear
rCold   . . .      Faith    .   (no shield)
rNeg    . . .      Spirit   .   a - +0 robe
rPois   .          Reflect  .   (no helmet)
rElec   .          Harm     .   (no cloak)
rCorr   .          Rampage  .   (no gloves)
Will    .....                   (no boots)
Stlth   ++........              (no amulet)
HPRegen 0.05/turn               (no ring)
MPRegen 0.11/turn               (no ring)

@: no status effects
A: no striking features
a: no special abilities


You were on level 4 of the Dungeon.
You visited 1 branch of the dungeon, and saw 3 of its levels.

You collected 25 gold pieces.

Inventory:

Hand Weapons
 h - a +0 spear (weapon)
Armour
 a - a +0 robe (worn)
Scrolls
 c - 2 scrolls of immolation
 e - a scroll of torment {unknown}
 f - a scroll of magic mapping
 g - a scroll of fear {unknown}
 i - a scroll of identify {unknown}
 k - a scroll of noise {unknown}
 l - a scroll of butterflies {unknown}
Potions
 b - a potion of magic
 d - a potion of degeneration {unknown}
 j - a potion of curing {unknown}


   Skills:
 + Level 2.7 Dodging
 - Level 2.4 Stealth
 + Level 3.2 Spellcasting
 + Level 5.1 Conjurations


You had 6 spell levels left.
You knew the following spells:

 Your Spells              Type           Power      Damage    Failure   Level
a - Magic Dart            Conj           100%       1d8       1%          1

Your spell library contained the following spells:

 Spells                   Type           Power      Damage    Failure   Level
 Searing Ray              Conj           52%        2d6       2%          2
 Dazzling Flash           Conj/Hex       28%        N/A       13%         3
 Fulminant Prism          Conj/Hex       7%         3d7       38%         4
 Iskenderun's Mystic Bla  Conj/Tloc      14%        2d5       38%         4


Dungeon Overview and Level Annotations

Branches:
Dungeon (4/15)
 Temple: D:4-7

Altars:


Message History

k - a scroll labelled GOIBRO REAV You open the door.
There is an open door here.
l - a scroll labelled QYMURO YBYHE No target in view!
No target in view!
No target in view!
No target in view!
No target in view!
You open the door.
A sourceless malevolence fills the Dungeon...
You fall into a shaft and drop 2 floors!
The shaft crumbles and collapses.
Found a leather armour.
Found a stone staircase leading down.
Found a mace.
No target in view!
Found a stone staircase leading down.
As you read the scroll labelled GAHOTO XOWOO, it crumbles to dust.
You feel aware of your surroundings.
It was a scroll of magic mapping.
An ogre comes into view. It is wielding a +0 giant club.
The ogre shouts!
Found a stone staircase leading up.
The ogre misses you.
Casting: Magic Dart (safe; 1% risk of failure)
Confirm with . or Enter, or press ? or * to list all spells.
Aiming: Magic Dart (safe; 1% risk of failure)
Press: ? - help, Shift-Dir - straight line, f - ogre
Aim: an ogre, wielding a +0 giant club (100% to hit)
The magic dart hits the ogre.
The ogre is moderately wounded.
Casting: Magic Dart (safe; 1% risk of failure)
Confirm with . or Enter, or press ? or * to list all spells.
Aiming: Magic Dart (safe; 1% risk of failure)
Press: ? - help, Shift-Dir - straight line, f/p - ogre
Aim: an ogre, wielding a +0 giant club (moderately wounded, 100% to hit)
The magic dart hits the ogre.
The ogre is moderately wounded.
The ogre hits you with a +0 giant club!!
Ouch! That really hurt!
You die...

,* *****####.......## ,*
*,,,,..<.........# ,*
**,***#######.###)#
,***,,,** #.# #.#
,**,,,,,* #.# #.#
,,,,,,,,* #.# #.#
,**,,,,,* #.###.#
,***,,,** #O#.#.#### **
***** #@.......# *
****####.....##.# *
**,,,.........##.#
********,,,*####.....##.#
,,,,,,,,,,,,..........#.#
,*******,,,*######.#..#.#
,* **,** ***#.#..#.# ,*
*,*****,,.....#.# ,***
*,*,,,,,.[.#>##.#


You could see an ogre.

Vanquished Creatures
  2 ball pythons (D:1)
  5 bats
  5 endoplasms (D:1)
  2 giant cockroaches (D:1)
  A hobgoblin (D:1)
  2 frilled lizards (D:1)
  2 goblins
  3 rats
22 creatures vanquished.

Notes
Turn   | Place    | Note
-------+----------+-------------------------------------------
     0 | D:1      | zeram the Deep Elf Conjurer began the quest for the Orb.
     0 | D:1      | Reached XP level 1. HP: 10/10 MP: 6/6
   336 | D:1      | Reached XP level 2. HP: 15/15 MP: 2/8
   339 | D:1      | Found a faded altar of an unknown god.
   690 | D:1      | Reached skill level 5 in Conjurations
  1016 | D:2      | You fall into a shaft and drop 2 floors!
  1049 | D:4      | Noticed an ogre
  1061 | D:4      | Mangled by an ogre

Illustrated notes

Levels and vault maps discovered:
D:1:      roderic_crop_circles_arrival_small, layout_rooms,
          ebering_ecumenical_altar_rust
D:2:      layout_basic, uniq_robin
D:4:      layout_loops_ring, reono_crystal_passage

Skill      XL: |  1  2 |
---------------+-------+-----
Conjurations   | 5 |  5.1
Dodging        | |  2.7
Stealth        | |  2.4
Spellcasting   | |  3.2

Action                   || total
-------------------------++-------
Melee: Unarmed           ||    16
       Spear             ||    24
 Cast: Magic Dart        ||    24
  Use: Scroll            ||     2
 Stab: Sleeping          ||     1
Armor: Robe              ||     7
Dodge: Dodged            ||    28
